Map: New Repugnancy LE

Players

BluE - Winner!

  • Race: Protoss Protoss
  • Spawn Location: 7:00

VitamiN

  • Race: Zerg Zerg
  • Spawn Location: 1:00

Event: 2019 WCS Summer

VOD

Have the link to the VOD?

Description

Time

  • Played on: July 12, 2019, 7:09 a.m.
  • Length: 7:58

All games in this series

Show
View Real Time Build Order
Export as new Build Order

BluE Protoss - Winner!

Build Orders: 1 Gate Expand, Zealot Archon, Dark Templar Rush 

Get SALT Encoding   

  12  0:00  Probe  
  13  0:12  Probe  
  14  0:19  Pylon  
  14  0:24  Probe  
  15  0:33  Probe  
  15  0:38  Gateway  
  15  0:41  Probe  
  16  0:47  Assimilator  
  17  0:52  Probe  
  18  1:04  Probe  
  19  1:16  Probe  
  20  1:25  Nexus  
  20  1:37  Cybernetics Core  
  20  1:39  Probe  
  21  1:44  Assimilator  
  21  1:51  Probe  
  22  1:54  Pylon  
  22  2:03  Probe, Adept  
  23  2:14  Robotics Facility  
  25  2:16  Probe  
  25  2:22  Warp Gate  
  26  2:24  Stalker  
  26  2:28  Probe  
  27  2:36  Probe  
  29  2:37  Probe  
  31  2:44  Probe  
  31  2:49  Probe  
  32  2:54  Probe  
  33  2:59  Warp Prism  
  33  3:01  Probe  
  33  3:03  Twilight Council  
  34  3:11  Probe  
  37  3:15  Probe  
  38  3:22  Gateway  
  38  3:23  Probe  
  39  3:28  Pylon  
  39  3:29  Probe  
  39  3:33  Probe  
  41  3:41  Probe x2  
  41  3:43  Dark Shrine  
  43  3:50  Gateway  
  43  3:54  Probe  
  43  3:55  Probe  
  44  3:56  Gateway  
  45  4:05  Assimilator  
  45  4:06  Probe  
  45  4:09  Assimilator  
  46  4:10  Adept  
  46  4:11  Probe  
  46  4:14  Pylon  
  49  4:18  Probe  
  50  4:27  Probe  
  50  4:30  Probe  
  52  4:31  Pylon  
  52  4:40  Probe  
  53  4:50  Observer  
  54  4:55  Dark Templar x3  
  54  4:56  Dark Templar  
  54  4:57  Nexus  
  62  5:01  Pylon  
  62  5:02  Probe  
  62  5:04  Probe  
  62  5:16  Probe  
  62  5:17  Probe, Forge  
  62  5:24  Immortal  
  62  5:29  Probe, Zealot x3  
  69  5:37  Protoss Ground Weapons Level 1  
  69  5:39  Probe  
  69  5:41  Charge  
  74  5:45  Sentry  
  74  5:47  Probe  
  74  5:48  Pylon  
  75  5:50  Sentry  
  75  5:51  Probe  
  75  5:52  Immortal  
  74  5:59  Probe  
  74  6:01  Observer  
  73  6:09  Probe x2  
  73  6:11  Probe  
  76  6:16  Gateway  
  76  6:18  Gateway  
  76  6:21  Probe  
  76  6:22  Observer  
  76  6:25  Immortal  
  77  6:26  Probe, Gateway x2  
  78  6:37  Dark Templar  
  78  6:39  Probe  
  85  6:42  Pylon  
  85  6:54  Zealot, Dark Templar x2  
  85  7:00  Pylon  
  91  7:02  Archon  
  91  7:09  Archon  
  91  7:12  Zealot x2  
  91  7:15  Zealot x2  
  99  7:17  Probe x3  
  99  7:18  Assimilator  
  99  7:20  Assimilator  
  99  7:21  Pylon  
  99  7:22  Pylon  
  102  7:25  Pylon  
  102  7:26  Dark Templar x2  
  106  7:30  Archon  
  106  7:34  Probe  
  107  7:40  Zealot x6  
Show
View Real Time Build Order
Export as new Build Order

VitamiN Zerg 

Build Orders: Hatch First 

Get SALT Encoding   

  12  0:01  Drone  
  13  0:13  Overlord  
  13  0:17  Drone  
  14  0:31  Drone x2  
  16  0:50  Hatchery  
  16  0:53  Drone  
  16  0:59  Drone  
  16  1:00  Drone  
  18  1:13  Extractor  
  18  1:16  Spawning Pool  
  16  1:19  Drone  
  16  1:23  Drone  
  18  1:30  Drone  
  19  1:42  Drone  
  20  1:51  Drone  
  21  2:03  Queen x2  
  21  2:04  Zergling x4  
  27  2:12  Overlord  
  27  2:16  Drone  
  28  2:25  Metabolic Boost  
  28  2:33  Drone x3  
  31  2:46  Hatchery  
  31  2:51  Drone  
  31  2:52  Overlord  
  31  2:58  Zergling x2  
  31  3:04  Queen  
  33  3:06  Drone x2  
  33  3:09  Overlord  
  35  3:19  Spore Crawler  
  34  3:22  Spore Crawler  
  34  3:23  Drone  
  34  3:25  Drone x3  
  37  3:35  Drone, Roach Warren  
  37  3:46  Zergling x8  
  41  3:54  Lair  
  41  3:55  Overlord  
  41  4:11  Extractor  
  41  4:12  Drone x3  
  41  4:13  Drone x4  
  47  4:17  Drone  
  47  4:21  Spore Crawler  
  46  4:37  Drone x3  
  46  4:38  Drone  
  50  4:40  Extractor  
  50  4:41  Drone x3  
  52  4:48  Drone  
  52  4:49  Evolution Chamber  
  52  4:54  Overlord x2  
  52  5:01  Drone x2, Extractor  
  52  5:02  Drone  
  52  5:04  Drone x3  
  57  5:13  Roach  
  57  5:14  Roach x3  
  60  5:18  Overseer  
  57  5:23  Roach  
  57  5:24  Roach  
  51  5:38  Roach x2  
  50  5:46  Roach x2  
  52  6:00  Roach Warren  
  51  6:06  Drone  
  51  6:07  Drone x5  
  57  6:24  Hatchery  
  57  6:28  Hatchery  
  56  6:42  Lair  
  56  6:47  Evolution Chamber  
  56  6:53  Drone  
  56  7:04  Hatchery, Overseer  
  55  7:11  Drone x8  
  55  7:12  Drone x4  
  67  7:29  Baneling Nest  
  66  7:39  Roach x4  
Tags
 
Add a new tag
Caveats
  • Supply blocks, unpowered buildings, or Contaminate may cause inaccurate times.
  • Supply counts are checked every 10 seconds.